Map: New Gettysburg LE

Players

ByuN

  • Race: Terran Terran

Stats - Winner!

  • Race: Protoss Protoss

Event: 2016 WCS Global Finals

VOD

https://www.youtube.com/watch?v=qDCOjolD10Q

Description

Time

  • Played on: Nov. 5, 2016, 4:31 p.m.
  • Length: 14:30

All games in this series

Show
View Real Time Build Order
Export as new Build Order

ByuN Terran 

Build Orders: Liberator Opening, Reaper Expand, MMM Bio 

Get SALT Encoding   

  12  0:00  SCV  
  13  0:12  SCV  
  14  0:17  Supply Depot  
  14  0:24  SCV  
  14  0:28  Refinery  
  15  0:38  SCV  
  16  0:44  Barracks  
  16  0:51  SCV  
  17  1:03  SCV  
  18  1:15  SCV  
  19  1:32  Reaper, Orbital Command  
  20  1:47  Command Center  
  20  1:58  Factory  
  20  2:02  SCV  
  20  2:05  Barracks Reactor  
  21  2:12  Supply Depot  
  21  2:15  SCV  
  22  2:21  Refinery  
  22  2:27  SCV  
  23  2:39  SCV  
  23  2:43  Starport  
  24  2:44  Marine x2  
  26  2:51  SCV  
  26  2:55  Widow Mine  
  29  2:59  Orbital Command  
  29  3:03  SCV  
  29  3:04  Marine x2  
  32  3:15  SCV  
  32  3:19  Medivac  
  35  3:22  Marine x2  
  35  3:23  Widow Mine  
  39  3:28  Engineering Bay  
  39  3:33  SCV x2  
  41  3:40  Marine, Supply Depot  
  42  3:41  Marine  
  42  3:42  Liberator  
  42  3:45  SCV x2  
  44  3:52  Factory Tech Lab  
  44  4:00  Missile Turret  
  46  4:04  Supply Depot  
  44  4:14  SCV x2  
  46  4:25  Cyclone, Marine x2  
  46  4:26  Mag-Field Accelerator  
  52  4:33  SCV x2  
  54  4:38  Supply Depot  
  54  4:42  Missile Turret  
  54  4:43  Marine x2  
  52  5:00  Cyclone  
  52  5:01  Marine x2  
  52  5:02  SCV, Missile Turret  
  52  5:03  SCV  
  52  5:06  Liberator  
  55  5:19  Marine x2  
  55  5:20  Barracks  
  52  5:22  Barracks  
  52  5:25  SCV x2  
  55  5:31  Bunker  
  55  5:35  Cyclone  
  59  5:36  Marine x2  
  59  5:40  SCV  
  62  5:44  SCV, Terran Infantry Weapons Level 1  
  61  5:53  SCV  
  61  5:55  Barracks x2  
  61  5:56  SCV  
  59  5:57  Refinery  
  59  6:05  Supply Depot  
  59  6:07  SCV  
  59  6:08  SCV  
  61  6:15  Supply Depot  
  61  6:17  Marine  
  61  6:18  Marine, Barracks Tech Lab x2  
  56  6:19  SCV  
  56  6:20  SCV  
  58  6:26  Supply Depot  
  58  6:28  Supply Depot  
  58  6:30  Bunker  
  58  6:31  SCV  
  58  6:32  SCV  
  60  6:35  Marine x2  
  60  6:39  Marine x2, Bunker  
  64  6:41  Stimpack  
  64  6:44  Barracks Reactor  
  64  6:45  Barracks Tech Lab  
  64  6:55  Marine x2  
  64  6:56  Marine x2  
  64  6:58  Missile Turret  
  68  7:04  Marine  
  68  7:06  Combat Shields  
  69  7:13  Marine x2  
  69  7:14  Marine  
  71  7:16  Factory Reactor  
  71  7:20  Marine x2  
  71  7:22  Marauder  
  75  7:23  Marauder  
  75  7:25  Starport  
  75  7:27  SCV x2  
  77  7:31  Refinery  
  77  7:32  Concussive Shells  
  77  7:33  Marauder  
  79  7:41  Marine x3  
  79  7:42  Marine  
  79  7:43  Marauder  
  87  7:44  Marauder  
  87  7:54  SCV, Marauder  
  87  7:55  SCV  
  91  7:58  Factory Reactor  
  91  7:59  Command Center  
  91  8:06  Terran Infantry Armor Level 1  
  91  8:08  Marine x2  
  91  8:09  Marine x2  
  91  8:10  Medivac  
  97  8:15  Marine x3  
  97  8:16  Medivac  
  102  8:26  Marine  
  102  8:27  Marine x2  
  102  8:28  Marine  
  102  8:33  Marauder  
  102  8:34  Marauder  
  110  8:37  Supply Depot  
  110  8:38  Supply Depot  
  110  8:56  Supply Depot  
  110  8:58  Medivac, Marine x3  
  110  8:59  Widow Mine x2, SCV, Marauder  
  110  9:00  Marauder, Medivac  
  126  9:06  Armory  
  126  9:08  Engineering Bay  
  126  9:10  SCV, Marine  
  126  9:11  Marauder  
  126  9:13  Orbital Command  
  129  9:22  Liberator x2  
  129  9:23  Marauder x2  
  122  9:28  Marine x4  
  110  9:42  Widow Mine  
  115  9:50  Marine x2  
  115  9:51  Marine x2  
  119  9:57  Marine x2  
  119  9:58  Marine  
  101  10:01  Widow Mine  
  101  10:05  Liberator x2  
  96  10:08  Marine x2  
  98  10:22  Terran Infantry Weapons Level 2  
  98  10:26  Marine x6  
  109  10:42  Marine  
  109  10:43  Marine  
  109  10:44  Terran Infantry Armor Level 2, Marauder x3  
  109  10:46  Marine  
  109  10:47  Marine  
  93  11:06  Marauder x3  
  94  11:13  Orbital Command, Marine x2  
  94  11:15  Marine x2  
  96  11:27  Marauder x2, Marine  
  96  11:31  Marine x2  
  103  11:33  Marine x2  
  103  11:34  SCV  
  103  11:35  SCV  
  103  11:39  SCV  
  107  11:48  Medivac x2  
  107  11:50  SCV  
  107  11:51  SCV  
  113  11:54  SCV  
  114  12:04  Liberator  
  114  12:05  Marauder x3  
  114  12:06  Marine  
  114  12:07  Marine  
  121  12:08  Marine  
  121  12:09  Marine  
  122  12:20  Widow Mine x2  
  125  12:22  Liberator  
  125  12:24  Marine  
  126  12:31  SCV x3  
  126  12:33  Marine x5  
  126  12:34  Marine  
  136  12:48  Widow Mine x2  
  140  12:52  Marine  
  140  12:57  Marine x2  
  142  13:03  Marauder x2  
  136  13:17  Widow Mine x2  
  129  13:25  Marauder x3  
  126  13:28  Marine x2  
  126  13:30  Marine  
  126  13:32  Marine  
  130  13:56  Marauder x2  
  130  13:58  Marine  
  130  13:59  Marine  
  135  14:05  SCV x3  
  135  14:17  SCV  
Show
View Real Time Build Order
Export as new Build Order

Stats Protoss - Winner!

Build Orders: 1 Gate Expand, Oracle Opening, Phoenix Opening 

Get SALT Encoding   

  12  0:00  Probe (Chrono Boost)  
  13  0:11  Probe (Chrono Boost)  
  14  0:17  Pylon  
  14  0:22  Probe (Chrono Boost)  
  16  0:36  Gateway, Probe (Chrono Boost)  
  16  0:42  Assimilator  
  16  0:46  Probe (Chrono Boost)  
  17  0:57  Probe (Chrono Boost)  
  18  1:07  Probe (Chrono Boost)  
  19  1:19  Nexus  
  19  1:29  Cybernetics Core  
  19  1:32  Probe (Chrono Boost)  
  20  1:38  Assimilator  
  20  1:43  Probe (Chrono Boost)  
  21  1:48  Pylon  
  21  1:53  Probe (Chrono Boost)  
  22  2:03  Adept  
  22  2:05  Probe (Chrono Boost)  
  22  2:06  Warp Gate  
  26  2:17  Probe (Chrono Boost)  
  26  2:22  Stargate  
  26  2:26  Adept  
  26  2:29  Probe (Chrono Boost)  
  27  2:31  Probe (Chrono Boost)  
  29  2:41  Probe (Chrono Boost)  
  29  2:42  Probe (Chrono Boost)  
  31  2:52  Probe (Chrono Boost)  
  31  2:53  Probe (Chrono Boost)  
  33  2:59  Adept  
  33  3:02  Oracle  
  33  3:03  Probe (Chrono Boost)  
  37  3:05  Probe (Chrono Boost)  
  40  3:13  Probe (Chrono Boost)  
  40  3:17  Probe (Chrono Boost)  
  40  3:18  Pylon  
  42  3:24  Probe (Chrono Boost)  
  43  3:30  Probe (Chrono Boost)  
  44  3:35  Phoenix  
  44  3:36  Gateway x2  
  44  3:37  Probe (Chrono Boost)  
  48  3:42  Probe (Chrono Boost)  
  48  3:48  Probe (Chrono Boost)  
  49  3:54  Assimilator, Probe (Chrono Boost)  
  49  3:55  Pylon  
  50  3:57  Phoenix  
  50  3:58  Probe (Chrono Boost)  
  53  4:15  Robotics Facility  
  49  4:26  Phoenix  
  49  4:27  Probe (Chrono Boost)  
  49  4:29  Probe (Chrono Boost)  
  53  4:38  Probe (Chrono Boost)  
  54  4:41  Probe (Chrono Boost)  
  55  4:49  Adept x3  
  56  4:56  Probe (Chrono Boost), Phoenix  
  56  4:58  Probe (Chrono Boost)  
  56  5:16  Observer  
  56  5:17  Adept x3  
  62  5:32  Phoenix  
  62  5:35  Pylon  
  62  5:36  Pylon  
  58  5:54  Probe (Chrono Boost)  
  58  5:55  Phoenix  
  58  5:56  Probe (Chrono Boost)  
  62  6:01  Adept x3  
  68  6:05  Probe (Chrono Boost)  
  68  6:06  Probe (Chrono Boost)  
  70  6:21  Phoenix  
  74  6:25  Probe x2 (Chrono Boost)  
  74  6:28  Nexus  
  74  6:30  Pylon  
  74  6:36  Probe x2 (Chrono Boost)  
  74  6:39  Twilight Council  
  76  6:41  Forge  
  76  6:53  Probe x2 (Chrono Boost)  
  78  6:57  Assimilator  
  78  6:59  Sentry x2  
  78  7:00  Adept  
  84  7:01  Pylon  
  84  7:04  Probe x2 (Chrono Boost)  
  84  7:08  Protoss Ground Weapons Level 1  
  86  7:09  Resonating Glaives  
  86  7:23  Probe x2 (Chrono Boost)  
  86  7:33  Adept x2, Sentry  
  86  7:35  Probe (Chrono Boost)  
  86  7:36  Probe (Chrono Boost)  
  94  7:39  Gateway  
  94  7:42  Gateway, Probe (Chrono Boost)  
  94  7:44  Gateway  
  95  7:48  Probe x2 (Chrono Boost)  
  95  7:50  Immortal  
  97  7:53  Probe (Chrono Boost)  
  104  8:00  Probe x2 (Chrono Boost)  
  104  8:05  Phoenix  
  106  8:06  Adept  
  106  8:09  Pylon x2  
  106  8:12  Gateway  
  108  8:24  Warp Prism  
  109  8:28  Probe (Chrono Boost)  
  109  8:29  Probe x2 (Chrono Boost)  
  109  8:32  Adept x3  
  119  8:34  Blink  
  119  8:41  Probe (Chrono Boost)  
  120  8:44  Adept  
  120  8:46  Pylon  
  120  8:47  Protoss Ground Armor Level 1  
  120  8:48  Pylon  
  122  8:56  Adept  
  124  9:04  Adept x2  
  124  9:05  Adept x2  
  124  9:07  Pylon  
  124  9:08  Adept  
  134  9:10  Pylon  
  134  9:11  Pylon  
  124  9:25  Adept x6  
  126  9:36  Assimilator  
  126  9:37  Assimilator  
  124  9:42  Stalker  
  124  9:47  Stalker x6  
  130  10:04  Immortal  
  126  10:18  Sentry  
  126  10:19  Stalker x5, Sentry  
  140  10:26  Nexus  
  140  10:27  Pylon  
  140  10:28  Robotics Bay  
  140  10:41  Observer  
  140  10:46  Adept  
  140  10:47  Adept x5  
  127  11:06  Extended Thermal Lance  
  127  11:09  Protoss Ground Armor Level 2  
  127  11:11  Adept x2, Colossus  
  113  11:12  Adept x5  
  126  11:32  Adept x3  
  132  11:46  Stalker x4  
  140  11:56  Probe (Chrono Boost)  
  140  11:57  Probe x3 (Chrono Boost)  
  140  11:58  Colossus  
  152  12:11  Mothership Core (Chrono Boost)  
  151  12:33  Probe (Chrono Boost)  
  151  12:34  Robotics Facility, Probe x3 (Chrono Boost)  
  155  12:38  Stalker  
  155  12:39  Adept x2, Stalker x4  
  155  12:42  Dark Shrine  
  169  12:49  Colossus  
  167  12:52  Forge  
  159  13:13  Adept  
  159  13:14  Adept x6  
  167  13:31  Colossus  
  173  13:43  Adept  
  173  13:44  Adept x2  
  173  13:45  Observer  
  173  13:46  Pylon  
  173  13:47  Pylon  
  180  13:48  Pylon  
  180  13:52  Adept  
  180  13:53  Adept  
  180  13:57  Assimilator  
  180  13:59  Assimilator  
  180  14:00  Pylon  
  178  14:09  Dark Templar  
  176  14:11  Dark Templar x3  
  176  14:13  Adept  
Tags
 
Add a new tag
Caveats
  • Supply blocks, unpowered buildings, or Contaminate may cause inaccurate times.
  • Supply counts are checked every 10 seconds.